 Dungeon Crawl Stone Soup version 0.28.0-43-g3370ac3207 (webtiles) character file.

Game seed: 6131581457833774977

862 xzight the Skirmisher (level 7, -2/58 HPs)
             Began as a Mummy Necromancer on Mar 18, 2022.
             Slain by a gnoll
             ... wielding a +0 spear
              (4 damage)
             ... on level 5 of the Dungeon.
             The game lasted 00:18:36 (6913 turns).

xzight the Skirmisher (Mummy Necromancer)           Turns: 6913, Time: 00:18:37

Health: -2/58      AC:  4    Str: 12    XL:     7   Next: 72%
Magic:  15/15      EV: 12    Int: 16    God:
Gold:   159        SH:  0    Dex: 12    Spells: 8/17 levels left

rFire   x . .      SeeInvis .   h - +0 dagger
rCold   + . .      Faith    .   (no shield)
rNeg    + + +      Spirit   .   e - +0 robe
rPois   ∞          Reflect  .   d - +2 hat
rElec   .          Harm     .   (no cloak)
rCorr   .          Rampage  .   (no gloves)
Will    .....                   (no boots)
Stlth   ++........              (no amulet)
HPRegen 0.19/turn               Z - ring of wizardry
MPRegen 0.14/turn               Y - +4 ring of slaying

@: no status effects
A: cold resistance 1, negative energy resistance 3, torment resistance 2, heat
vulnerability 1, no potions
a: no special abilities


You were on level 5 of the Dungeon.
You visited 1 branch of the dungeon, and saw 6 of its levels.

You collected 159 gold pieces.


Innate Abilities, Weirdness & Mutations

You are immune to poison.
Your flesh is cold resistant. (rC+)
You are immune to negative energy. (rN+++)
You are immune to unholy pain and torment.
You are vulnerable to heat. (rF-)
You do not drink.


   Skills:
 * Level 6.0 Fighting
 - Level 1.5 Dodging
 - Level 1.5 Stealth
 + Level 5.8 Spellcasting
 + Level 5.9 Necromancy


You had 8 spell levels left.
You knew the following spells:

 Your Spells              Type           Power      Damage    Failure   Level
a - Pain                  Necr           92%        1d8       1%          1
b - Animate Skeleton      Necr           46%        N/A       1%          1
c - Vampiric Draining     Necr           23%        2d7       1%          3
d - Animate Dead          Necr           11%        N/A       4%          4

Your spell library contained the following spells:

 Spells                   Type           Power      Damage    Failure   Level
 Shock                    Conj/Air       16%        1d4       6%          1
 Agony                    Necr           23%        N/A       14%         5
 Swiftness                Air            4%         N/A       16%         3
 Airstrike                Air            2%         N/A       45%         4

Inventory:

Hand Weapons
 h - a +0 dagger (weapon)
Missiles
 j - a throwing net {=f}
Armour
 d - a +2 hat (worn)
 e - a +0 robe (worn)
 f - a +0 cloak
Jewellery
 L - a ring of flight
 Y - a +4 ring of slaying (right hand)
 Z - a ring of wizardry (left hand)
Wands
 g - a wand of acid (6)
 k - a wand of iceblast (7)
Scrolls
 a - 2 scrolls of magic mapping
 b - a scroll of identify {@r1}
 c - 2 scrolls of immolation

Dungeon Overview and Level Annotations

Branches:
Dungeon (6/15)
 Temple: D:4-7

Altars:

Shops:
D:4 *

Annotations:
D:4 exclusion: upstairs, Dowan, Duvessa, Edmund, Eustachio

### #.# #.# #######.# ########
#.......# #......#####.#####.####
######...................g..
######.....g...h@#...#.#...#.....
..§§§§§..g.g..gg..#.#..g#.#gO..g.
..§§§§§.....Z.g#O..#....)#...#...
######§.........#..#.....#..#....
#.......#...###.....###...#[
#######..#..#..#...#..#..#..
#...###...#.#...###...
#######.!#...#...#...#...#..
#.......#.....#..#..#.....#.


You could see an ogre, a gnoll shaman, a hound, 5 gnolls and a bullfrog
skeleton.


Message History

The hound closely misses you. The gnoll closely misses you.
The hound barely misses you. The hound bites you but does no damage.
The gnoll shaman calls upon its god to speed up the gnoll.
The gnoll seems to speed up.
The hound closely misses you.
As you read the scroll of fog, it crumbles to dust.
The scroll dissolves into smoke.
The hound closely misses you. The hound misses you.
The gnoll shouts!
The gnoll shouts!
You hear a shout!
The hound misses you. The gnoll barely misses you.
The gnoll completely misses you. The gnoll hits you with a +0 club.
* * * LOW HITPOINT WARNING * * *
The gnoll hits you with a +0 whip.
* * * LOW HITPOINT WARNING * * *
The hound closely misses you. The gnoll misses you.
The gnoll barely misses you.
The gnoll shaman calls upon its god to speed up the gnoll.
The gnoll seems to speed up.
The gnoll misses you. The hound bites you.
* * * LOW HITPOINT WARNING * * *
The hound barely misses you.
The gnoll hits you from afar with a +0 halberd!
* * * LOW HITPOINT WARNING * * *
The ogre shouts!
The hound pauses to sniff the ground.
The hound closely misses you.
The gnoll hits you from afar with a +0 spear.
You die...

Skill      XL: |  1  2  3  4  5  6  7 |
---------------+----------------------+-----
Fighting       | 1 2 3 4 5 6 |  6.0
Spellcasting   | 3 4 5 |  5.8
Necromancy     | 5 |  5.9
Dodging        | |  1.5
Stealth        | |  1.5

Action                   |  1- 3 |  4- 6 |  7- 9 || total
-------------------------+-------+-------+-------++-------
Melee: Unarmed           |     5 |       |       ||     5
       Punch             |     1 |       |       ||     1
       Dagger            |       |    40 |    32 ||    72
 Cast: Pain              |    54 |   146 |    40 ||   240
       Animate Skeleton  |     1 |     7 |     5 ||    13
Evoke: Wand              |       |     2 |       ||     2
  Use: Scroll            |       |     5 |     1 ||     6
Armor: Robe              |    11 |    15 |    20 ||    46
Dodge: Dodged            |    20 |    74 |    52 ||   146

Levels and vault maps discovered:
D:1:      co_arrival_hall_of_pillars, layout_basic,
          shapermc_ecumenical_altar_mp_vishouse
D:2:      layout_rooms, uniq_terence, uniq_jessica
D:3:      layout_loops_cross, kennysheep_path_1
D:4:      minmay_spotlight, layout_loops_ring, minivault_14,
          nicolae_shop_sticking_my_neck_out, uniq_eustachio, uniq_edmund,
          uniq_duvessa
D:5:      layout_basic, biasface_ghost_orc_armoury, minmay_splitting_lines
D:6:      wad_river_or_something, layout_layer_cave, serial_shops, shop,
          water_boxes_lemuel, uniq_blork_the_orc

Notes
Turn   | Place    | Note
-------+----------+-------------------------------------------
     0 | D:1      | xzight the Mummy Necromancer began the quest for the Orb.
     0 | D:1      | Reached XP level 1. HP: 13/13 MP: 4/4
   432 | D:1      | Reached skill level 1 in Fighting
   626 | D:1      | Reached XP level 2. HP: 21/21 MP: 3/5
   671 | D:1      | Learned a level 1 spell: Animate Skeleton
   853 | D:1      | Reached skill level 3 in Spellcasting
  1268 | D:1      | Found a faded altar of an unknown god.
  1404 | D:2      | Noticed Jessica
  1419 | D:2      | Reached XP level 3. HP: 27/27 MP: 0/7
  1492 | D:2      | Killed Jessica
  1493 | D:2      | Reached skill level 2 in Fighting
  1603 | D:2      | Reached XP level 4. HP: 33/34 MP: 1/9
  1933 | D:2      | Learned a level 3 spell: Vampiric Draining
  1938 | D:2      | Learned a level 4 spell: Animate Dead
  2015 | D:2      | Noticed Terence
  2098 | D:1      | Killed Terence
  2099 | D:1      | Reached skill level 3 in Fighting
  2762 | D:3      | Reached XP level 5. HP: 41/41 MP: 8/10
  2968 | D:3      | Reached skill level 4 in Spellcasting
  3544 | D:4      | Noticed an ogre
  3732 | D:4      | Found Fiuwud's Neck Hole.
  3767 | D:4      | Noticed Eustachio
  3851 | D:4      | Noticed an ogre
  3937 | D:4      | Noticed Dowan
  3939 | D:4      | Noticed Duvessa
  3963 | D:4      | HP: 4/41 [Duvessa/+0 short sword (4)]
  4326 | D:4      | Noticed Edmund
  4419 | D:5      | Entered Level 5 of the Dungeon
  4802 | D:5      | Reached skill level 5 in Necromancy
  4805 | D:5      | Reached skill level 4 in Fighting
  4805 | D:5      | Reached XP level 6. HP: 43/48 MP: 1/12
  5727 | D:6      | Reached skill level 5 in Spellcasting
  5852 | D:6      | Reached skill level 5 in Fighting
  5852 | D:6      | Reached XP level 7. HP: 56/56 MP: 6/14
  6396 | D:6      | Reached skill level 6 in Fighting
  6911 | D:5      | HP: 2/58 [gnoll/+0 halberd (15)]
  6913 | D:5      | Slain by a gnoll

Vanquished Creatures
  An ogre (D:6)
  A necrophage (D:5)
  A centaur (D:6)
  A kobold brigand (D:6)
  An electric eel (D:6)
  A howler monkey (D:6)
  A centaur zombie (D:6)
  A jelly (D:6)
  A hound (D:6)
  An orc priest (D:4)
  Terence (D:1)
  Jessica (D:2)
  A bullfrog skeleton (D:6)
  2 iguanas (D:6)
  2 orc wizards (D:5)
  A hound skeleton (D:5)
  8 adders
  A howler monkey skeleton (D:6)
  4 worms
  A dart slug (D:3)
  11 orcs
  4 bats
  4 endoplasms
  3 giant cockroaches
  A goblin (D:1)
  2 hobgoblins
  4 jackals (D:1)
  5 ball pythons
  6 frilled lizards
  4 kobolds
  3 rats
79 creatures vanquished.

Vanquished Creatures (collateral kills)
  An orc (D:5)
1 creature vanquished.

Grand Total: 80 creatures vanquished

Table legend: (Time is in decaauts)
 A = Elapsed time spent in this place.
 B = Non-inter-level travel time spent in this place.
 C = Inter-level travel time spent in this place.
 D = Time resting spent in this place.
 E = Time spent auto-exploring this place.
 F = Levels seen in this place.
 G = Mean time per level.
                   A        B        C        D        E       F      G
               +--------+--------+--------+--------+--------+-----+--------+
         Total |   6920 |   6769 |    151 |   3008 |   2310 |   6 | 1153.3 |
       Dungeon |   6920 |   6769 |    151 |   3008 |   2310 |   6 | 1153.3 |
               +--------+--------+--------+--------+--------+-----+--------+

Top non-repeatable levels by time:
     D:1: 1598 daAuts
     D:3: 1463 daAuts
     D:6: 1459 daAuts
     D:5: 1021 daAuts
     D:2: 905 daAuts
     D:4: 472 daAuts

Table legend:
 A = Non-vault XP
 B = Vault XP
 C = Vault XP percentage of total XP
 D = Non-vault monster count
 E = Vault monster count
 F = Vault count percentage of total count
                 A         B        C        D         E       F
            +---------+---------+-------+---------+---------+-------
      Total |     819 |     413 |  33.5 |      72 |       8 |  10.0
            +---------+---------+-------+---------+---------+-------
        D:1 |      36 |      38 |  51.4 |      16 |       1 |   5.9
        D:2 |      58 |      37 |  38.9 |      16 |       1 |   5.9
        D:3 |      50 |       0 |   0.0 |      13 |       0 |   0.0
        D:4 |      55 |       0 |   0.0 |       7 |       0 |   0.0
        D:5 |     242 |       0 |   0.0 |      11 |       0 |   0.0
        D:6 |     378 |     338 |  47.2 |       9 |       6 |  40.0
            +---------+---------+-------+---------+---------+-------
